 Dungeon Crawl Stone Soup version 0.27.0-1-g7a089689b8 (webtiles) character file.

Game seed: 17364173156717982041

40 horus123 the Covered (level 3, -1/22 HPs)
             Began as a Deep Elf Fighter on July 31, 2021.
             Was an Initiate of Yredelemnul.
             Slain by Crazy Yiuf (12 damage)
             ... on level 2 of the Dungeon.
             The game lasted 00:04:05 (1645 turns).

horus123 the Covered (Deep Elf Fighter)             Turns: 1645, Time: 00:04:06

Health: -1/22      AC: 14    Str: 13    XL:     3   Next: 30%
Magic:  5/5        EV:  3    Int: 12    God:    Yredelemnul [......]
Gold:   59         SH:  9    Dex: 15    Spells: 2/2 levels left

rFire    . . .     SeeInvis .   b - +2 short sword (vamp)
rCold    + . .     Faith    .   c - +1 kite shield
rNeg     . . .     Spirit   .   j - +2 chain mail {rC+}
rPois    .         Reflect  .   h - +2 helmet
rElec    .         Harm     .   (no cloak)
rCorr    .         Rampage  .   (no gloves)
Will     .....                  (no boots)
Stlth    ..........             (no amulet)
HPRegen  0.07/turn              (no ring)
MPRegen  0.09/turn              (no ring)

@: no status effects
A: no striking features
a: Renounce Religion


You were on level 2 of the Dungeon.
You worshipped Yredelemnul.
Yredelemnul was noncommittal.
You visited 1 branch of the dungeon, and saw 2 of its levels.

You collected 59 gold pieces.

Inventory:

Hand Weapons
 a - a +0 rapier
 b - a +2 vampiric short sword (weapon)
Armour
 c - a +1 kite shield (worn)
 h - a +2 helmet (worn)
 j - a +2 chain mail of cold resistance (worn)
Scrolls
 e - 2 scrolls of immolation
 f - a scroll of fog
 i - a scroll of summoning {unknown}
Potions
 d - a potion of might
 g - a potion of flight {unknown}


   Skills:
 + Level 2.6 Fighting
 + Level 2.6 Short Blades
 + Level 2.8 Armour
 + Level 0.2 Stealth
 + Level 2.7 Shields


You had 2 spell levels left.
You didn't know any spells.
Your spell library was empty.

Dungeon Overview and Level Annotations

Branches:
Dungeon (2/15)

Altars:
Yredelemnul

Shops:
D:1 :

Annotations:
D:2 Crazy Yiuf


Message History

Found a stone staircase leading down.
Found a stone staircase leading down.
Found a stone staircase leading up.
There is a stone staircase leading down here.
e - 2 scrolls of immolation (gained 1)
Found a stone staircase leading down.
A kobold comes into view. It is wielding a +0 short sword.
The kobold hits you with a +0 short sword.
You barely miss the kobold. The kobold hits you but does no damage.
You closely miss the kobold. You block the kobold's attack.
You hit the kobold.
You feel better.
The kobold is severely wounded.
The kobold hits you but does no damage.
You puncture the kobold!
You kill the kobold!
Yredelemnul accepts your kill.
You see here a +0 short sword.
A rat comes into view.
Found 28 sling bullets.
You see here 28 sling bullets.
You hit the rat.
You kill the rat!
Yredelemnul accepts your kill.
You see here a rat corpse.
Found a mace.
Found a runed translucent door.
Crazy Yiuf shouts!
You open the door. You hit Crazy Yiuf.
Crazy Yiuf is moderately wounded.
Crazy Yiuf hits you with a +2 quarterstaff of chaos.
Crazy Yiuf freezes you.
You closely miss Crazy Yiuf.
Crazy Yiuf is moderately wounded.
Crazy Yiuf laughs, "Proton childish eyeball!"
Crazy Yiuf hits you with a +2 quarterstaff of chaos.
Crazy Yiuf freezes you.
Crazy Yiuf hits you with a +2 quarterstaff of chaos!
Ouch! That really hurt!
You die...
Your body rises from the dead as a mindless zombie.

### ♣♣####
#)..#♣♣ ♣♣....##
#...g@♣♣♣♣......#
#...#♣..♣.......#
### ♣♣♣.♣....#.#
♣♣♣♣♣###.# #†.#
########### #(##
#.........###.#
#.............#
#.........#####


You could see Crazy Yiuf.

Vanquished Creatures
  An adder (D:2)
  4 ball pythons
  3 endoplasms (D:1)
  A giant cockroach (D:1)
  2 goblins
  A hobgoblin (D:1)
  4 jackals (D:2)
  3 kobolds
  A quokka (D:1)
  2 bats
  3 frilled lizards
  3 rats
28 creatures vanquished.

Notes
Turn   | Place    | Note
-------+----------+-------------------------------------------
     0 | D:1      | horus123 the Deep Elf Fighter began the quest for the Orb.
     0 | D:1      | Reached XP level 1. HP: 13/13 MP: 3/3
   450 | D:1      | Reached XP level 2. HP: 5/18 MP: 4/4
   800 | D:1      | Found Xugaobb's Book Shop.
   932 | D:1      | Found a faded altar of an unknown god.
  1350 | D:2      | Found a basalt altar of Yredelemnul.
  1372 | D:2      | Became a worshipper of Yredelemnul the Dark
  1399 | D:2      | Reached XP level 3. HP: 22/22 MP: 5/5
  1639 | D:2      | Found a runed translucent door.
  1640 | D:2      | Noticed Crazy Yiuf
  1645 | D:2      | Slain by Crazy Yiuf

Illustrated notes

Levels and vault maps discovered:
D:1:      amcnicky_arrival_blooded_trapdoor, layout_basic, serial_shops,
          nicolae_shop_statue_plus, ebering_ecumenical_altar_hall,
          minmay_misc_feat_alley, corexii_item_surrounded_by_moat
D:2:      minmay_general_purpose_star, layout_rooms, basic_altar,
          minmay_misc_feat_five, minmay_misc_feat_more_columns,
          kennysheep_decorative_pillar, uniq_crazy_yiuf_cottage

Action                   || total
-------------------------++-------
Melee: Rapier            ||    46
       Short sword       ||    42
  Use: Scroll            ||     6
Armor: Scale mail        ||    14
       Chain mail        ||    26
Dodge: Dodged            ||    17
Block: Kite shield       ||    38
